 Dungeon Crawl Stone Soup version 0.23-a0-136-g722f094 (webtiles) character file.

1673032 iamserjio the Conqueror (level 27, 152/199 HPs)
             Began as a Tengu Wanderer on Aug 28, 2018.
             Was the Champion of Ashenzari.
             Escaped with the Orb
             ... and 3 runes!
             The game lasted 04:31:21 (69168 turns).

iamserjio the Conqueror (Tengu Wanderer)           Turns: 69168, Time: 04:31:22

Health: 152/199    AC: 36    Str: 22    XL:     27
Magic:  17/42      EV: 42    Int: 13    God:    Ashenzari [******]
Gold:   416        SH:  0    Dex: 22    Spells: 16/55 levels left

rFire    + + +     SeeInvis +   b - +9 great sword (protect) (curse)
rCold    + + .     Gourm    .   (shield currently unavailable)
rNeg     + . .     Faith    .   O - +6 fire dragon scales (curse)
rPois    +         Spirit   +   S - -2 hat of the Alchemist {rElec rPois rF+ rC+ rN+ MR+ rMut rCorr} (curse)
rElec    +         Reflect  .   d - +2 cloak {MR+} (curse)
rCorr    +         Harm     .   X - +2 pair of gloves {Str+3} (curse)
rMut     +         Clarity  +   (boots unavailable)
MR       ++++.                  U - amulet of guardian spirit (curse)
Stlth    +.........             z - +5 ring of evasion (curse)
HPRegen  1.43/turn              a - ring "Jinodih" {rF+ rC++ Str-2 Slay+5} (curse)
MPRegen  0.28/turn

@: protection aura, flying quickly and evasively, very slightly contaminated,
regenerating, quick
A: beak, talons 3, molten scales 1, strong 2, able to fly 2
0: Orb of Zot
}: 3/15 runes: slimy, silver, gossamer
a: Stop Flying, Curse Item, Scrying, Transfer Knowledge, Renounce Religion


You escaped.
You worshipped Ashenzari.
Ashenzari was exalted by your worship.
You were not hungry.

You visited 11 branches of the dungeon, and saw 52 of its levels.
You visited the Abyss 1 time.
You visited 1 bazaar.
You also visited: Labyrinth, Trove, Sewer and Ossuary.

You collected 8559 gold pieces.
You spent 8143 gold pieces at shops.

Inventory:

Hand Weapons
 b - a cursed +9 great sword of protection (weapon)
 r - a +6 eudemon blade of holy wrath
Armour
 c - the +0 mask of the Dragon {MR+ Slay+3 SInv}
   (You found it on level 2 of the Depths)

   It affects your accuracy and damage with ranged weapons and melee attacks
   (+3).
   It affects your resistance to hostile enchantments.
   It lets you see invisible.
 d - a cursed +2 cloak of magic resistance (worn)
 J - a scarf of resistance
 O - cursed +6 fire dragon scales (worn)
 S - the cursed -2 hat of the Alchemist (worn) {rElec rPois rF+ rC+ rN+ MR+ rMut rCorr}
   (You bought it in a shop on level 13 of the Dungeon)

   It protects you from fire.
   It protects you from cold.
   It insulates you from electricity.
   It protects you from poison.
   It protects you from negative energy.
   It affects your resistance to hostile enchantments.
   It provides partial protection from all sources of acid and corrosion.
   It protects you from mutation.
   It has a curse placed upon it.
 X - a cursed +2 pair of gloves of strength (worn)
Jewellery
 a - the cursed ring "Jinodih" (right hand) {rF+ rC++ Str-2 Slay+5}
   (You bought it in a shop on level 1 of the Elven Halls)

   [ring of slaying]

   It affects your strength (-2).
   It affects your accuracy and damage with ranged weapons and melee attacks
   (+5).
   It protects you from fire.
   It greatly protects you from cold.
   It has a curse placed upon it.
 s - a +2 ring of strength
 z - a cursed +5 ring of evasion (left hand)
 R - the ring "Ogomuvid" {rElec Str+2 Dex+3}
   (You took it off a deep elf annihilator on level 3 of the Elven Halls)

   [ring of dexterity]

   It affects your strength (+2).
   It affects your dexterity (+3).
   It insulates you from electricity.
 U - a cursed amulet of guardian spirit (around neck)
Wands
 A - a wand of digging (46)
 E - a wand of iceblast (18)
 K - a wand of clouds (9)
 M - a wand of acid (17)
Scrolls
 g - a scroll of holy word
 h - a scroll of remove curse {@r2}
 k - 8 scrolls of immolation
 l - 6 scrolls of teleportation
 o - 2 scrolls of blinking
 q - 5 scrolls of fog
 v - 16 scrolls of identify {@r1}
 w - 7 scrolls of magic mapping
 I - 6 scrolls of fear
 Y - 3 scrolls of summoning
Potions
 e - a potion of agility
 j - 11 potions of curing {@q1}
 m - a potion of cancellation
 n - 2 potions of heal wounds
 p - 2 potions of berserk rage
 C - 10 potions of brilliance
 D - 2 potions of mutation
 F - 5 potions of haste
 G - 3 potions of invisibility
 N - 4 potions of resistance
Miscellaneous
 x - a lightning rod (4/4)
 y - a lamp of fire
 B - 6 sacks of spiders
 Q - a phial of floods
 T - 5 boxes of beasts
 W - a fan of gales
 Z - a phantom mirror
Comestibles
 f - 23 rations


   Skills:
 O Level 27 Fighting
 - Level 16.9(22.0) Long Blades
 + Level 18.0(21.7) Armour
 + Level 20.1(23.6) Dodging
 + Level 9.4 Stealth
 + Level 14.7 Spellcasting
 - Level 0.8(3.1) Charms
 - Level 16.1(20.0) Summonings
 - Level 2.0(5.3) Necromancy
 - Level 1.9(5.1) Translocations
 - Level 3.0(6.8) Air Magic
 - Level 0.9(3.3) Earth Magic
 + Level 11.2(15.4) Evocations


You had 16 spell levels left.
You knew the following spells:

 Your Spells              Type           Power        Failure   Level  Hunger
a - Blink                 Tloc           N/A          2%          2    None
b - Summon Butterflies    Summ           ######..     0%          1    None
c - Summon Lightning Spi  Summ/Air       #####...     1%          4    ##.....
d - Animate Skeleton      Necr           N/A          1%          1    None
e - Passwall              Tmut/Erth      ##......     9%          2    None
f - Regeneration          Chrm/Necr      ###.......   7%          3    None
g - Animate Dead          Necr           N/A          14%         4    ##.....
h - Summon Ice Beast      Ice/Summ       #####...     1%          4    ##.....
i - Shadow Creatures      Summ           N/A          1%          6    ######.
j - Summon Mana Viper     Hex/Summ       #####...     5%          5    #####..
k - Summon Forest         Summ/Tloc      #####.....   1%          5    #####..
l - Sublimation of Blood  Necr           ###.......   2%          2    None

Your spell library contained the following spells:

 Spells                   Type           Power        Failure   Level  Hunger
 Summon Small Mammal      Summ           ####         0%          1    None
 Call Imp                 Summ           ######..     0%          2    None
 Call Canine Familiar     Summ           ######..     0%          3    None
 Apportation              Tloc           ###...       1%          1    None
 Pain                     Necr           ###.         1%          1    None
 Recall                   Summ/Tloc      N/A          1%          3    None
 Summon Guardian Golem    Hex/Summ       #####...     1%          3    None
 Corpse Rot               Necr           N/A          2%          2    None
 Shroud of Golubria       Chrm/Tloc      ###.......   3%          2    None
 Summon Hydra             Summ           ######....   3%          7    #######
 Poisonous Vapours        Pois/Air       ###...       4%          2    None
 Gell's Gravitas          Tloc           ###.......   4%          3    None
 Lesser Beckoning         Tloc           ###.......   4%          3    None
 Vampiric Draining        Necr           ###.......   4%          3    None
 Confusing Touch          Hex            ##....       10%         1    None
 Corona                   Hex            ##.....      10%         1    None
 Flame Tongue             Conj/Fire      ##...        10%         1    None
 Freeze                   Ice            ##..         10%         1    None
 Magic Dart               Conj           ##..         10%         1    None
 Sting                    Conj/Pois      ##..         10%         1    None
 Portal Projectile        Hex/Tloc       ###...       12%         3    None
 Mephitic Cloud           Conj/Pois/Air  ###.....     13%         3    None
 Ensorcelled Hibernation  Hex/Ice        ##....       16%         2    None
 Searing Ray              Conj           ##....       16%         2    None
 Slow                     Hex            ##......     16%         2    None
 Throw Flame              Conj/Fire      ##....       16%         2    None
 Throw Frost              Conj/Ice       ##....       16%         2    None
 Ozocubu's Armour         Chrm/Ice       ##......     19%         3    None
 Stone Arrow              Conj/Erth      ##....       19%         3    None
 Confuse                  Hex            ##......     30%         3    None
 Conjure Flame            Conj/Fire      ##......     30%         3    None
 Dazzling Spray           Conj/Hex       ##....       30%         3    None
 Ignite Poison            Fire/Tmut/Pois ##......     30%         3    None
 Inner Flame              Hex/Fire       ##......     30%         3    None
 Tukima's Dance           Hex            ##......     30%         3    None
 Force Lance              Conj/Tloc      ###.....     36%         4    ##.....
 Agony                    Necr           ###.....     38%         5    #####..
 Dispel Undead            Necr           ###.....     38%         5    #####..
 Leda's Liquefaction      Hex/Erth       ##........   50%         4    ##.....
 Borgnjor's Vile Clutch   Necr/Erth      ###.......   52%         5    #####..
 Excruciating Wounds      Chrm/Necr      ###.......   54%         5    #####..
 Silence                  Hex/Air        ###.......   61%         5    #####..
 Fulminant Prism          Conj/Hex       ##........   69%         4    ##.....
 Iskenderun's Mystic Bla  Conj           ##......     69%         4    ##.....
 Sticky Flame             Conj/Fire      ##......     69%         4    ##.....
 Throw Icicle             Conj/Ice       ##......     69%         4    ##.....
 Bolt of Draining         Conj/Necr      ###.......   71%         5    #####..
 Spellforged Servitor     Conj/Summ      #####.....   85%         7    #######
 Bolt of Magma            Conj/Fire/Erth ##........   89%         5    #####..
 Death Channel            Necr           ###.......   92%         6    ######.
 Dispersal                Tloc           ###.......   94%         6    ######.
 Alistair's Intoxication  Tmut/Pois      ##......     95%         5    #####..
 Blade Hands              Tmut           ##........   95%         5    #####..
 Fireball                 Conj/Fire      ##........   95%         5    #####..
 Yara's Violent Unravell  Hex/Tmut       ##........   95%         5    #####..
 Conjure Ball Lightning   Conj/Air       ###.......   99%         6    ######.
 Simulacrum               Ice/Necr       ###.......   99%         6    ######.
 Bolt of Fire             Conj/Fire      ##........   100%        6    ######.
 Darkness                 Hex            ##........   100%        6    ######.
 Freezing Cloud           Conj/Ice/Air   ###.......   100%        6    ######.
 Hydra Form               Tmut           ##........   100%        6    ######.
 Invisibility             Hex            ##......     100%        6    ######.
 Iron Shot                Conj/Erth      ##........   100%        6    ######.
 Statue Form              Tmut/Erth      ##.......    100%        6    ######.
 Ring of Flames           Chrm/Fire      ##........   100%        7    #######
 Controlled Blink         Tloc           N/A          100%        8    #######
 Disjunction              Tloc           ###.......   100%        8    #######
 Ignition                 Fire           ##........   100%        8    #######
 Shatter                  Erth           ###.......   100%        9    #######


Dungeon Overview and Level Annotations

Branches:
Dungeon (15/15)            Temple (1/1) D:4            Lair (6/6) D:11
 Shoals (1/4) Lair:2       Spider (4/4) Lair:2        Slime (5/5) Lair:6
    Orc (2/2) D:11            Elf (3/3) Orc:2        Vaults (5/5) D:13
  Crypt (0/3) Vaults:3     Depths (5/5) D:15            Zot (5/5) Depths:5

Altars:
Ashenzari
Cheibriados
Dithmenos
Elyvilon
Fedhas
Gozag
Hepliaklqana
Kikubaaqudgha
Makhleb
Nemelex Xobeh
Okawaru
Qazlal
Ru
Sif Muna
Trog
Uskayaw
Vehumet
Wu Jian
Xom
Yredelemnul
Zin
The Shining One
Beogh
Jiyva

Shops:
D:13 [=*(=   Orc:2 (:[*   Elf:1 =   Vaults:1 %   Vaults:2 (   Vaults:3 *
Depths:2 ?!!=   Depths:5 !==}

Portals:
Hell: Depths:1 Depths:2 Depths:3 Depths:4 Depths:5
Abyss: Depths:2 Depths:3 Depths:4
Pandemonium: Depths:2 Depths:3
Ziggurat: Depths:3

Annotations:
Elf:2 3 runed doors
Vaults:4 6 runed doors
Depths:2 1 runed door, Ugot's ghost, adept MiBe
Depths:3 exclusion: hellion
Depths:5 1 exclusion


Innate Abilities, Weirdness & Mutations

You have a beak for a mouth.
You have claws for feet.
You can fly continuously.
You are partially covered in molten scales. (AC +2)
Your muscles are very strong. (Str +4)


Message History

The lich completely misses you.
You riposte.
You carve the lich like a ham!!! You claw the lich, but do no damage.
The lich is severely damaged.
You slash the lich! You claw the lich, but do no damage.
The lich is almost destroyed.
The lich completely misses you. Ladij closely misses you.
You hit the lich but do no damage. You claw the lich!
You peck the lich, but do no damage.
The lich is almost destroyed.
Ladij completely misses you. The lich completely misses you.
You slice the lich!!
You destroy the lich!
Ladij hits you!
There is a staircase leading out of the dungeon here.
Press: ? - help, v - describe, . - travel
Here: Ladij The floor.
Unknown command.
Ladij closely misses you.
You have escaped!

.##)....###..##..### ##....####
.......## ##.......# #..####
........# ##.####.# #.##
........## #..####.# #.#
.........# #.###...###.#
....[....###.# #.#.....#
.##.(.#......# #'##....#
########....###♣.♣####.#
##...##..@&.###.#
#...###≈≈≈#.##.##
#########.....#PPP##.#..#
............#########.#.#
###########.# #...###..#########
###########.#####...&............
..................##..##.########
#########...####).###.##..## #
####.### #..## #.###..# #


You could see Ladij.

Vanquished Creatures
  the Royal Jelly (Slime:5)
  7 ancient liches
  2 orbs of fire (Zot:5)
  Mennas (Vaults:4)
  Sojobo (Depths:2)
  3 caustic shrikes (Depths:4)
  Xtahua (Depths:5)
  A Killer Klown (Zot:5)
  A golden dragon (Zot:5)
  2 bone dragons (Depths:5)
  Arachne (Spider:2)
  A Tzitzimitl (D:3)
  2 electric golems (Zot:5)
  Rupert (D:13)
  9 tentacled monstrosities
  4 liches
  Asterion (Depths:2)
  25 Orb Guardians
  5 titans
  7 quicksilver dragons
  The ghost of Erid the Champion of Chaos, an adept DDFi of Makhleb (Vaults:4)
  The ghost of Erid the Champion of Chaos, an adept DDFi of Makhleb (Vaults:2)
  2 deep elf master archers (Elf:3)
  2 deep elf blademasters (Elf:3)
  3 tentacled starspawn (Abyss:2)
  12 acid blobs
  4 sphinxes
  Kirke (D:12)
  8 shadow dragons
  7 storm dragons
  9 tengu reavers
  21 vault wardens
  5 azure jellies
  5 ghost moths
  3 draconian monks
  3 fire giants
  6 frost giants
  A draconian knight (Zot:5)
  6 deep elf sorcerers
  A balrug (Depths:2)
  2 draconian shifters
  2 orc warlords
  Louise (Elf:2)
  4 draconian scorchers
  An iron dragon (Vaults:5)
  3 deep elf elementalists
  A draconian stormcaller (Depths:5)
  An emperor scorpion (Spider:2)
  4 draconian annihilators
  2 war gargoyles
  18 stone giants
  2 spriggan defenders (Depths:4)
  28 very ugly things
  11 ironheart preservers
  9 black draconians
  2 entropy weavers
  12 deep elf demonologists
  4 vampire knights
  9 purple draconians
  3 green draconians
  9 spark wasps
  Nessos (Lair:6)
  3 yellow draconians
  A minotaur (Lab)
  8 white draconians
  6 red draconians
  A dire elephant (shapeshifter) (Vaults:5)
  A spark wasp (shapeshifter) (Vaults:5)
  12 deep elf annihilators
  A blizzard demon (Abyss:2)
  13 ettins
  5 deep elf death magi
  7 death oozes
  12 ogre magi
  6 fire dragons
  34 vault guards
  9 great orbs of eyes
  Erolcha (D:13)
  2 crystal guardians
  25 yaktaur captains
  Josephine (D:15)
  3 deep elf high priests
  12 ice dragons
  6 rakshasas
  Fannar (Orc:1)
  14 hydras
  6 spriggan air magi
  2 catoblepae
  Erica (D:8)
  The ghost of ilikecats the Basher, a journeyman GnCK of Xom (D:10)
  12 centaur warriors
  13 dancing weapons
  24 two-headed ogres
  6 tengu warriors
  9 deep troll shamans
  A death knight (Vaults:1)
  7 deep troll earth magi
  4 vampire magi
  A spriggan berserker (Depths:4)
  A queen ant (Lair:3)
  11 deep elf knights
  2 sun demons (Depths:2)
  A fire crab (Lair:6)
  Urug (Orc:1)
  A wretched star (Abyss:2)
  2 orc high priests
  2 shadow wraiths
  A spatial maelstrom (Abyss:2)
  A salamander mystic (Depths:3)
  5 skeletal warriors (Vaults:2)
  6 hell knights (Depths:4)
  A sea snake (D:11)
  5 glowing orange brains
  5 unseen horrors
  3 flayed ghosts
  22 deep trolls
  2 swamp dragons (shapeshifter)
  7 phantasmal warriors
  7 wizards
  10 deep elf archers
  2 harpies
  10 orc knights
  4 necromancers
  5 orc sorcerers
  7 orb spiders
  13 ironbrand convokers
  2 shining eyes
  A tengu skeleton (Vaults:2)
  33 ugly things
  8 cyclopes
  39 deep elf magi
  A manticore (D:9)
  28 wolf spiders
  14 moths of wrath
  2 salamanders (Depths:3)
  10 elephants
  2 worldbinders (Abyss:2)
  A black mamba (shapeshifter) (D:11)
  4 eyes of devastation
  3 molten gargoyles (Lair:6)
  A water nymph (D:10)
  5 black mambas
  13 vault sentinels
  3 orange demons
  5 spectral swamp worms (Depths:5)
  3 smoke demons
  7 spiny frogs
  2 centaur skeletons
  7 gargoyles
  A minotaur zombie (Lab)
  A rime drake (Lair:4)
  A kobold demonologist (D:15)
  3 demonic crawlers
  An ice devil (Depths:5)
  7 komodo dragons
  2 hellwings
  56 yaktaurs
  2 freezing wraiths
  A red devil (Depths:3)
  A queen bee (Lair:1)
  26 jumping spiders
  A troll (shapeshifter) (Vaults:1)
  4 polar bears
  A meliai (shapeshifter) (Vaults:5)
  8 trolls
  6 tengu conjurers
  7 hornets
  93 slime creatures
  Prince Ribbit (D:6)
  A hippogriff (shapeshifter) (Vaults:5)
  A dream sheep (shapeshifter) (Depths:2)
  A harpy skeleton (D:14)
  16 blink frogs
  A meliai zombie (D:12)
  A fire giant simulacrum (Abyss:2)
  A snapping turtle (Lair:2)
  11 hippogriffs
  A stone giant simulacrum (Vaults:2)
  A flying skull (Abyss:2)
  A shadow (D:13)
  Sigmund (D:6)
  14 tarantellas
  7 water elementals
  67 redbacks
  A vampire (D:13)
  7 wraiths
  A spriggan (shapeshifter) (Vaults:1)
  5 air elementals
  2 hogs
  2 fire elementals
  39 yaks
  6 wyverns
  A chaos spawn (D:3)
  A human (shapeshifter) (D:14)
  3 steam dragons (Lair:6)
  4 golden eyes
  A hog (shapeshifter) (Elf:1)
  6 basilisks
  5 hungry ghosts
  2 yaktaur simulacra
  A spatial vortex (Abyss:2)
  11 soldier ants (Lair:3)
  10 wargs
  14 water moccasins
  12 large abominations
  An acid dragon (D:13)
  A floating eye (Depths:4)
  4 hell hounds (Lair:6)
  15 porcupines
  41 orc warriors
  3 phantoms
  6 sky beasts
  2 black bears
  6 eyes of draining
  6 ice beasts
  A hornet zombie (D:9)
  6 small abominations (Abyss:2)
  An ettin simulacrum (Vaults:1)
  20 centaurs
  9 boggarts
  27 ogres
  A necrophage (D:11)
  3 wolves
  21 crocodiles
  3 big kobolds
  A human skeleton (Vaults:2)
  19 bullfrogs
  3 elf zombies
  Blork the orc (D:6)
  A glowing shapeshifter simulacrum (Vaults:3)
  4 earth elementals
  8 scorpions
  2 wyvern skeletons
  23 killer bees (Lair:1)
  A troll zombie (Abyss:2)
  3 electric eels
  11 wights
  3 howler monkeys
  6 lava snakes
  9 crimson imps
  8 hounds
  3 jellies
  3 bullfrog zombies (Ossuary)
  A quasit (D:8)
  2 centaur zombies
  14 mummies (Ossuary)
  25 orc priests
  2 human zombies (D:7)
  Crazy Yiuf (D:3)
  2 bullfrog skeletons
  38 orc wizards
  3 iguanas (D:11)
  A worker ant (shapeshifter) (Vaults:5)
  28 worker ants
  A killer bee zombie (Ossuary)
  2 hound zombies
  3 hound skeletons
  2 howler monkey zombies (Ossuary)
  4 worker ant zombies
  A howler monkey skeleton (D:11)
  4 adders
  3 river rats (Sewer)
  6 shadow imps
  2 white imps (Vaults:3)
  An ufetubus (Abyss:2)
  3 adder zombies
  3 adder skeletons
  A worm (D:2)
  6 leopard geckos
  96 orcs
  13 bats
  7 giant cockroaches
  10 goblins
  8 hobgoblins
  17 jackals
  8 quokkas
  2 ball pythons
  4 frilled lizards
  A giant cockroach zombie (Ossuary)
  A jackal skeleton (D:4)
  A jackal zombie (Ossuary)
  13 kobolds
  A leopard gecko skeleton (D:7)
  A leopard gecko zombie (Ossuary)
  An orc skeleton (D:7)
  An orc zombie (D:7)
  3 quokka skeletons
  2 quokka zombies
  31 rats
  A starspawn tentacle (Abyss:2)
2057 creatures vanquished.

Vanquished Creatures (collateral kills)
  4 ancient liches
  An orb of fire (Zot:5)
  A juggernaut (Depths:4)
  Frederick (Vaults:5)
  A Killer Klown (Zot:5)
  A golden dragon (Vaults:5)
  A caustic shrike (Depths:4)
  2 liches
  A tentacled monstrosity (Vaults:5)
  2 Orb Guardians (Zot:5)
  4 titans
  An acid blob (Slime:1)
  2 storm dragons
  2 tengu reavers (Vaults:5)
  3 shadow dragons
  A fire giant (Vaults:4)
  4 frost giants
  An iron dragon (Vaults:5)
  3 vault wardens
  A draconian shifter (Zot:5)
  An emperor scorpion (Spider:1)
  A draconian annihilator (Zot:3)
  4 very ugly things
  A ghoul (Vaults:3)
  5 ironheart preservers
  A vampire knight (Depths:4)
  A stone giant (Vaults:2)
  2 purple draconians (Zot:5)
  A black draconian (Depths:5)
  A deep elf demonologist (Vaults:5)
  2 white draconians (Zot:5)
  2 yellow draconians (Zot:5)
  A spark wasp (Depths:4)
  2 ettins (Vaults:5)
  2 deep elf death magi
  A crystal guardian (Depths:2)
  A fire dragon (Lair:6)
  2 yaktaur captains
  2 ice dragons
  9 vault guards
  A rakshasa (Depths:4)
  An ogre mage (Vaults:1)
  4 two-headed ogres
  A tengu warrior (Depths:4)
  A deep troll earth mage (Vaults:5)
  2 deep troll shamans
  A deep elf knight (Vaults:4)
  A hell knight (Depths:4)
  2 iron trolls (Depths:4)
  14 deep trolls
  A glowing orange brain (Depths:4)
  2 phantasmal warriors
  3 orc knights
  9 ironbrand convokers
  A deep elf archer (D:14)
  A harpy (Vaults:1)
  7 wolf spiders
  8 orb spiders
  4 deep elf magi
  3 oklob plants (Lair:4)
  2 ugly things
  2 shining eyes (Slime:1)
  2 elephants (Lair:3)
  A cyclops (D:15)
  A black mamba (Lair:6)
  4 vault sentinels
  A spiny frog (Lair:6)
  A hellion (Depths:3)
  A gargoyle (D:14)
  A rime drake (Lair:6)
  3 komodo dragons
  2 demonic crawlers
  2 freezing wraiths (Vaults:4)
  7 yaktaurs
  11 jumping spiders
  2 tengu conjurers
  A hellwing (Depths:3)
  3 slime creatures
  A hornet (Spider:4)
  5 blink frogs (Lair:6)
  A redback (shapeshifter) (Depths:5)
  19 redbacks
  A wyvern (Lair:6)
  A yak (Lair:5)
  6 tarantellas
  A wraith (D:15)
  3 basilisks (Lair:6)
  2 wargs
  5 soldier ants (Lair:3)
  2 acid dragons
  A porcupine (Lair:5)
  A swamp drake (shapeshifter) (Depths:4)
  An eye of draining (Slime:3)
  6 orc warriors
  A wolf (Lair:3)
  An ogre (Vaults:4)
  2 centaurs (Vaults:4)
  A killer bee (Lair:1)
  2 electric eels
  2 orc priests
  An orc wizard (Orc:2)
  9 worker ants (Lair:3)
  9 orcs
  A fungus (Lair:5)
278 creatures vanquished.

Vanquished Creatures (others)
  2 war gargoyles (Depths:2)
  A centaur warrior (Vaults:4)
  3 ogre magi
  A vampire mage (Vaults:3)
  A deep elf knight (Vaults:4)
  A sixfirhy (Abyss:2)
  An unseen horror (D:14)
  2 moths of wrath
  A vault sentinel (Vaults:3)
  A komodo dragon (Lair:6)
  A slime creature (Depths:1)
  A golden eye (Slime:5)
  3 ogres (Vaults:4)
  2 boggarts (D:15)
  A centaur (Vaults:4)
  An orc priest (Orc:2)
  A fungus (Lair:2)
  4 plants
  4 starspawn tentacles (Abyss:2)
  A withered plant (Ossuary)
33 creatures vanquished.

Grand Total: 2368 creatures vanquished

Notes
Turn   | Place    | Note
-------+----------+-------------------------------------------
     0 | D:1      | iamserjio the Tengu Wanderer began the quest for the Orb.
     0 | D:1      | iamserjio set off with: a +2 falchion, a +0 short sword, a
                  | +0 robe, a ration
     0 | D:1      | Reached XP level 1. HP: 12/12 MP: 2/2
   111 | D:1      | Reached XP level 2. HP: 6/17 MP: 3/3
   422 | D:1      | Reached skill level 2 in Fighting
   843 | D:2      | Reached XP level 3. HP: 14/22 MP: 4/4
   948 | D:2      | Learned a level 2 spell: Blink
  1794 | D:3      | Reached skill level 3 in Fighting
  1809 | D:3      | Reached XP level 4. HP: 15/28 MP: 5/5
  2461 | D:3      | Found a runed door.
  2656 | D:3      | Noticed Crazy Yiuf
  2705 | D:3      | Killed Crazy Yiuf
  2778 | D:4      | Gained mutation: You can fly. [Tengu growth]
  2778 | D:4      | Reached XP level 5. HP: 33/33 MP: 6/6
  2838 | D:4      | Reached skill level 4 in Fighting
  2840 | D:4      | Noticed an ogre
  2846 | D:4      | Killed an ogre
  2854 | D:4      | Reached XP level 6. HP: 38/38 MP: 7/7
  2858 | D:4      | Noticed an ice beast
  2872 | D:4      | Killed an ice beast
  3135 | D:4      | Reached skill level 5 in Long Blades
  3157 | D:4      | Reached XP level 7. HP: 28/43 MP: 8/8
  3177 | D:4      | Found a staircase to the Ecumenical Temple.
  3186 | Temple   | Entered the Ecumenical Temple
  3267 | Temple   | Became a worshipper of Ashenzari the Shackled
  3559 | D:4      | Reached skill level 5 in Dodging
  3842 | D:5      | Entered Level 5 of the Dungeon
  3948 | D:5      | Got the dagger of Qaanlon {pierce, Dex+6}
  3949 | D:5      | Identified the +7 dagger of Qaanlon {pierce, Dex+6} (You
                  | found it on level 5 of the Dungeon)
  4023 | D:5      | Reached XP level 8. HP: 26/48 MP: 9/9
  4413 | D:5      | Found an ornate altar of the Wu Jian Council.
  4730 | D:5      | Reached * piety under Ashenzari
  5056 | D:6      | Noticed Prince Ribbit
  5058 | D:6      | Noticed Sigmund
  5075 | D:6      | Killed Sigmund
  5078 | D:6      | Killed Prince Ribbit
  5078 | D:6      | Reached skill level 10 in Dodging
  5078 | D:6      | Reached XP level 9. HP: 25/52 MP: 10/10
  5248 | D:6      | Found a glowing drain.
  5270 | Sewer    | Entered a sewer
  5360 | Sewer    | Found a glowing silver altar of Zin.
  5418 | D:6      | Reached skill level 5 in Fighting
  5496 | D:6      | Noticed Blork the orc
  5504 | D:6      | Killed Blork the orc
  5679 | D:6      | Reached skill level 6 in Fighting
  5860 | D:6      | Identified Foukk's Grimoire of Creative Clay
  6073 | D:7      | Reached skill level 7 in Fighting
  6222 | D:7      | Found a sand-covered staircase.
  6231 | Ossuary  | Entered an ossuary
  6308 | Ossuary  | Reached skill level 8 in Fighting
  6799 | D:7      | Reached XP level 10. HP: 48/64 MP: 9/11
  7488 | D:7      | Found a basalt altar of Yredelemnul.
  7650 | D:7      | Reached ** piety under Ashenzari
  8324 | D:8      | Learned a level 1 spell: Summon Butterflies
  8329 | D:8      | Learned a level 4 spell: Summon Lightning Spire
  8390 | D:8      | Identified the +1 robe of Coocef {Regen+}
  8429 | D:8      | Reached skill level 1 in Armour
  9368 | D:9      | Noticed a manticore
 10016 | D:9      | Noticed a cyclops
 10032 | D:9      | Killed a cyclops
 10032 | D:9      | Reached skill level 5 in Armour
 10445 | D:9      | Reached XP level 11. HP: 56/68 MP: 13/13
 10445 | D:9      | Noticed Erica
 10492 | D:8      | Killed Erica
 10854 | D:9      | Killed a manticore
 10962 | D:9      | Noticed a wizard
 10970 | D:9      | Killed a wizard
 11013 | D:9      | Learned a level 1 spell: Animate Skeleton
 11016 | D:9      | Learned a level 2 spell: Passwall
 11335 | D:10     | Entered Level 10 of the Dungeon
 11452 | D:10     | Reached skill level 1 in Necromancy
 11489 | D:10     | Reached skill level 1 in Spellcasting
 11758 | D:10     | Reached *** piety under Ashenzari
 11832 | D:10     | Found a runed door.
 11834 | D:10     | Noticed ilikecats's ghost (journeyman GnCK)
 12041 | D:10     | Found a sparkling altar of Nemelex Xobeh.
 12136 | D:11     | Noticed a four-headed hydra
 12146 | D:11     | Killed a one-headed hydra
 12657 | D:11     | Noticed a tengu warrior
 12696 | D:10     | Killed a tengu warrior
 12696 | D:10     | Reached skill level 10 in Long Blades
 12900 | D:11     | Reached XP level 12. HP: 62/73 MP: 13/16
 13301 | D:11     | Found a bloodstained altar of Trog.
 13653 | D:11     | Found a staircase to the Lair.
 14020 | D:11     | Found a staircase to the Orcish Mines.
 14289 | D:12     | Noticed a two-headed ogre
 14293 | D:12     | a two-headed ogre changed into a tarantella
 14440 | D:12     | Noticed Kirke
 14563 | Lair:1   | Entered Level 1 of the Lair of Beasts
 14563 | Lair:1   | Noticed a five-headed hydra
 14571 | Lair:1   | Killed a one-headed hydra
 14623 | Lair:1   | Found a labyrinth entrance.
 14632 | Lab      | Entered a labyrinth
 14952 | Lab      | Noticed a minotaur
 14955 | Lab      | Identified the cursed +0 robe of the Snake Pit {MR++}
 14955 | Lab      | Identified the +8 broad axe of Egomania {antimagic, rN+ MR+
                  | Dex+2}
 14955 | Lab      | Identified the cursed +1 robe of Anuvates {rElec rC+ Regen+
                  | SInv}
 14955 | Lab      | Identified the ring of Teacwit {Str+5 Stlth+}
 14978 | Lab      | Killed a minotaur
 14978 | Lab      | Reached skill level 1 in Air Magic
 15077 | Lair:1   | Noticed a five-headed hydra
 15088 | Lair:1   | Killed a two-headed hydra
 16241 | Lair:1   | Reached **** piety under Ashenzari
 16242 | Lair:1   | Noticed a four-headed hydra
 16249 | Lair:1   | Killed a one-headed hydra
 16249 | Lair:1   | Reached XP level 13. HP: 78/78 MP: 17/19
 16734 | Lair:2   | Found a hole to the Spider Nest.
 17071 | Lair:2   | Found a staircase to the Shoals.
 17493 | Lair:3   | Reached skill level 9 in Fighting
 17501 | Lair:3   | Reached skill level 5 in Summonings
 17685 | Lair:3   | Reached skill level 5 in Spellcasting
 18389 | Lair:3   | Reached ***** piety under Ashenzari
 18741 | Lair:3   | Learned a level 3 spell: Regeneration
 18746 | Lair:3   | Learned a level 4 spell: Animate Dead
 18798 | Lair:4   | Reached skill level 10 in Fighting
 19663 | Lair:4   | Identified 2 scrolls of acquirement
 19754 | Lair:5   | Gained mutation: You can fly continuously. [Tengu growth]
 19754 | Lair:5   | Reached XP level 14. HP: 64/88 MP: 20/24
 19796 | Lair:5   | Reached skill level 11 in Fighting
 20650 | Lair:6   | Entered Level 6 of the Lair of Beasts
 20867 | Lair:6   | Noticed Nessos
 20913 | Lair:6   | Killed Nessos
 21174 | Lair:6   | Found a staircase to the Slime Pits.
 21174 | Lair:6   | Found a viscous altar of Jiyva.
 21187 | Lair:6   | Reached skill level 12 in Fighting
 22030 | Lair:6   | Found a large runed door.
 22030 | Lair:6   | Found a large runed door.
 22462 | Lair:6   | Reached skill level 13 in Fighting
 22596 | Lair:4   | Learned a level 4 spell: Summon Ice Beast
 22941 | Orc:1    | Entered Level 1 of the Orcish Mines
 23381 | Orc:1    | Noticed an orc warlord
 23402 | Orc:1    | Killed an orc warlord
 23733 | Orc:1    | Noticed Urug
 24023 | Orc:1    | Noticed Fannar
 24413 | Orc:1    | Killed Urug
 24458 | Orc:1    | Killed Fannar
 24680 | Orc:2    | Entered Level 2 of the Orcish Mines
 24680 | Orc:2    | Found a staircase to the Elven Halls.
 24706 | Orc:2    | Reached XP level 15. HP: 85/100 MP: 23/28
 24781 | Orc:2    | Noticed an orc warlord
 24798 | Orc:2    | Found a roughly hewn altar of Beogh.
 24807 | Orc:2    | Killed an orc warlord
 25025 | Orc:1    | Reached skill level 14 in Fighting
 25136 | Orc:2    | Reached ****** piety under Ashenzari
 25176 | Orc:2    | Found a roughly hewn altar of Beogh.
 25551 | Orc:2    | Found Plog's General Store.
 26647 | Orc:2    | Found Vicw's Book Boutique.
 26662 | Orc:2    | Found Zaten's Antique Weapon Boutique.
 26685 | Orc:2    | Found Kyezum's Antique Armour Boutique.
 26695 | Orc:2    | Bought a jewelled scale mail for 288 gold pieces
 26695 | Orc:2    | Identified the +3 scale mail of the Forgotten Scars {Int-3
                  | Dex+4} (You bought it in a shop on level 2 of the Orcish
                  | Mines)
 26695 | Orc:2    | Bought a pair of embroidered gloves for 240 gold pieces
 26697 | Orc:2    | Bought a glowing ring mail for 224 gold pieces
 26952 | D:10     | Killed ilikecats's ghost
 26952 | D:10     | Reached skill level 15 in Dodging
 27099 | D:12     | Killed Kirke
 27602 | D:12     | Found a portal to a secret trove of treasure.
 27878 | D:13     | Found Laothrom's Jewellery Shop.
 28294 | D:13     | Found Cicai's General Store.
 28315 | D:13     | Bought a wand of iceblast (7) for 176 gold pieces
 28315 | D:13     | Bought a wand of acid (10) for 448 gold pieces
 28336 | D:13     | Found Tuiqo's Antique Weapon Shop.
 28343 | D:13     | Found Xaimaf's Jewellery Boutique.
 28454 | D:13     | Found a gate to the Vaults.
 28560 | D:13     | Noticed Rupert
 28572 | D:13     | Paralysed by Rupert for 4 turns
 28945 | D:13     | Found Fusmebij's Antique Armour Shop.
 28947 | D:13     | Noticed Erolcha
 28963 | D:13     | Killed Erolcha
 28963 | D:13     | Reached skill level 15 in Fighting
 28979 | D:13     | Killed Rupert
 28989 | D:13     | Bought the -2 hat of the Alchemist {rElec rPois rF+ rC+ rN+
                  | MR+ rMut rCorr} for 1085 gold pieces
 28989 | D:13     | Found the -2 hat of the Alchemist {rElec rPois rF+ rC+ rN+
                  | MR+ rMut rCorr}
 29478 | D:14     | Learned a level 4 spell: Summon Ice Beast
 29536 | D:14     | Reached XP level 16. HP: 108/108 MP: 29/29
 30526 | D:15     | Entered Level 15 of the Dungeon
 30564 | D:15     | Identified the +2 chain mail "Goomi" {+Blink rN+}
 30602 | D:15     | Reached skill level 16 in Fighting
 30783 | D:15     | Found a staircase to the Depths.
 30959 | D:15     | Noticed Josephine
 30966 | D:15     | Killed Josephine
 31792 | D:13     | Bought a shiny ring mail for 161 gold pieces
 31792 | D:13     | Bought a dyed leather armour for 115 gold pieces
 31803 | D:13     | Learned a level 6 spell: Shadow Creatures
 31902 | Spider:1 | Entered Level 1 of the Spider Nest
 32147 | Spider:1 | Reached skill level 17 in Fighting
 32652 | Spider:2 | Reached XP level 17. HP: 117/117 MP: 30/30
 32755 | Spider:2 | Noticed Arachne
 32785 | Spider:2 | Killed Arachne
 34196 | Spider:4 | Entered Level 4 of the Spider Nest
 34733 | Spider:4 | Reached skill level 18 in Fighting
 35712 | Spider:4 | Got a gossamer rune of Zot
 35889 | Shoals:1 | Entered Level 1 of the Shoals
 36235 | Vaults:1 | Entered Level 1 of the Vaults
 36626 | Vaults:1 | Reached XP level 18. HP: 82/126 MP: 14/31
 37295 | Vaults:1 | Found Ydaph's Food Boutique.
 37417 | Vaults:1 | Reached skill level 19 in Fighting
 39184 | Vaults:2 | Noticed Erid's ghost (adept DDFi)
 39190 | Vaults:2 | Found a runed gate.
 39190 | Vaults:2 | Found a runed gate.
 39190 | Vaults:2 | Found a runed gate.
 39309 | Vaults:2 | Reached skill level 20 in Fighting
 39594 | Vaults:2 | Reached XP level 19. HP: 120/135 MP: 3/32
 40978 | Vaults:2 | Found Ephemiog's Antique Weapon Boutique.
 41106 | Vaults:3 | Noticed a lich
 41114 | Vaults:2 | Killed a lich
 41770 | Vaults:3 | Reached skill level 10 in Spellcasting
 41893 | Vaults:3 | Reached skill level 21 in Fighting
 41960 | Vaults:3 | Found a staircase to the Crypt.
 42098 | Vaults:3 | Found Fidachyci's Assorted Antiques.
 42102 | Vaults:3 | Bought a scroll of blinking for 315 gold pieces
 42102 | Vaults:3 | Bought a potion of might for 168 gold pieces
 42470 | Vaults:4 | Found a flickering gateway to a bazaar.
 42473 | Bazaar   | Entered a bazaar
 42473 | Bazaar   | Found Linoh's General Store.
 42473 | Bazaar   | Found Illug's Food Shoppe.
 42474 | Bazaar   | Found Efil's Jewellery Emporium.
 42474 | Bazaar   | Found Fovvoudime's Book Emporium.
 42723 | Bazaar   | Bought a +5 ring of evasion for 660 gold pieces
 42735 | Bazaar   | Bought a potion of invisibility for 112 gold pieces
 42790 | Vaults:4 | Noticed Mennas
 43246 | D:12     | You paid a toll of +2 shadow dragon scales to enter a
                  | treasure trove
 43247 | Trove    | Entered a treasure trove
 43250 | Trove    | Identified the cursed +2 cloak of Biedutua {Slay+2}
 43258 | Trove    | Identified the cursed +1 hat of Hedonism {+Blink}
 43266 | Trove    | Found the cursed +2 hat of the Bear Spirit {Spirit, +Rage
                  | rN+ MR++}
 43271 | Trove    | Identified the cursed +0 cloak of the Wilderness {Dex+2
                  | Stlth+}
 43271 | Trove    | Identified the cursed +1 ring mail of Dramatic Exits {MP+9}
 43478 | Depths:1 | Entered Level 1 of the Depths
 43541 | Depths:1 | Reached XP level 20. HP: 133/144 MP: 31/35
 43897 | Depths:1 | Reached skill level 10 in Armour
 44169 | Depths:1 | Found a gateway to Hell.
 44412 | Depths:2 | Found a one-way gate leading to the halls of Pandemonium.
 44506 | Depths:2 | Paralysed by a great orb of eyes for 6 turns
 44525 | Depths:2 | Found a runed door.
 44529 | Depths:2 | Found a shimmering altar of Xom.
 44529 | Depths:2 | Noticed Ugot's ghost (adept MiBe)
 45001 | Depths:2 | Identified the +5 chain mail "Jedal" {rC+ Stlth+}
 45275 | Depths:2 | Found a one-way gate to the infinite horrors of the Abyss.
 45277 | Depths:2 | Noticed Asterion
 45304 | Depths:2 | Killed Asterion
 45321 | Depths:2 | Found a shattered altar of Ashenzari.
 45456 | Depths:2 | Found Vaan's Distillery.
 45456 | Depths:2 | Found Gaquqi Mish's Distillery.
 45457 | Depths:2 | Found Sudghos's Jewellery Emporium.
 45467 | Depths:2 | Found Jauc's Magic Scroll Shoppe.
 45474 | Depths:2 | Bought a scroll of identify for 26 gold pieces
 45475 | Depths:2 | Bought a scroll of identify for 26 gold pieces
 46014 | Depths:2 | Reached skill level 22 in Fighting
 46161 | Depths:2 | Noticed an ancient lich
 46530 | Depths:2 | Killed an ancient lich
 46606 | Depths:2 | Found the +0 mask of the Dragon {MR+ Slay+3 SInv}
 46606 | Depths:2 | Identified the ring of Cualick {rCorr Str+2 Int+3 Dex+2}
 46755 | Depths:3 | Noticed Sojobo
 46914 | Depths:2 | Killed Sojobo
 47258 | Depths:3 | Found a gateway to a ziggurat.
 47283 | Depths:3 | Reached XP level 21. HP: 144/151 MP: 24/36
 48941 | Depths:3 | Identified the +10 demon blade "Irronaum" {pain, rElec MR-
                  | Int+3 SInv} (You took it off a frost giant on level 3 of
                  | the Depths)
 49334 | Depths:4 | Noticed a juggernaut
 49350 | Depths:4 | Killed a juggernaut
 49520 | Depths:4 | Reached skill level 10 in Summonings
 50109 | Depths:4 | Noticed a caustic shrike
 50114 | Depths:4 | Killed a caustic shrike
 50147 | Depths:4 | Noticed a caustic shrike
 50147 | Depths:4 | Noticed a caustic shrike
 50147 | Depths:4 | Noticed a caustic shrike
 50147 | Depths:4 | Noticed an ancient lich
 50441 | Depths:2 | Bought a scroll of acquirement for 676 gold pieces
 50443 | Depths:2 | Bought a scroll of acquirement for 676 gold pieces
 50447 | Depths:2 | Bought 2 potions of mutation for 256 gold pieces
 50453 | Depths:2 | Bought a potion of invisibility for 168 gold pieces
 50659 | Elf:1    | Entered Level 1 of the Elven Halls
 50828 | Elf:1    | Found Bioviucw's Jewellery Emporium.
 51098 | Elf:1    | Identified Gaulim's Volume of Stolen Souls
 51524 | Elf:2    | Noticed Louise
 51611 | Elf:2    | Killed Louise
 51689 | Elf:2    | Found a runed gate.
 51689 | Elf:2    | Found a runed gate.
 51697 | Elf:2    | Found a runed gate.
 51992 | Elf:3    | Entered Level 3 of the Elven Halls
 52009 | Elf:3    | Identified the cursed +1 plate armour of Qougg {rC- Dex+3
                  | Stlth+}
 52013 | Elf:3    | Reached XP level 22. HP: 158/158 MP: 37/37
 52135 | Elf:3    | Reached skill level 23 in Fighting
 52805 | Elf:3    | Identified the ring "Ogomuvid" {rElec Str+2 Dex+3} (You
                  | took it off a deep elf annihilator on level 3 of the Elven
                  | Halls)
 53056 | Elf:3    | Cast into level 2 of the Abyss (a deep elf sorcerer)
 53079 | Abyss:2  | Paralysed by accursed screaming for 1 turns
 53088 | Abyss:2  | Found a corrupted altar of Lugonu.
 53369 | Abyss:2  | Found a corrupted altar of Lugonu.
 53485 | Elf:3    | Escaped the Abyss
 53717 | Elf:3    | Identified the cursed +3 war axe of Profit {antimagic,
                  | +Rage Int+5} (You took it off a deep elf death mage on
                  | level 3 of the Elven Halls)
 53800 | Elf:3    | Identified the +7 hand crossbow "Ostrarchyu" {speed, MR++}
 53846 | Elf:3    | Found the +0 pair of fencer's gloves {+Riposte Dex+3}
 53852 | Elf:3    | Identified Sif Muna's Incunabulum of Attacks
 53863 | Elf:3    | Identified the +11 hand crossbow of Sloth {elec, rElec rC+
                  | Dex+3}
 53865 | Elf:3    | Identified the Reference Book on Excruciating Sinister Arts
 54730 | Vaults:4 | Reached skill level 24 in Fighting
 54966 | Vaults:4 | Killed Mennas
 55119 | Vaults:4 | Found a large runed door.
 55119 | Vaults:4 | Found a large runed door.
 55120 | Vaults:4 | Found a large runed door.
 55120 | Vaults:4 | Found a large runed door.
 55120 | Vaults:4 | Found a large runed door.
 55120 | Vaults:4 | Found a large runed door.
 55120 | Vaults:4 | Noticed Erid's ghost (adept DDFi)
 55254 | Vaults:4 | Found a large runed door.
 55254 | Vaults:4 | Found a large runed door.
 55337 | Vaults:4 | Reached XP level 23. HP: 158/168 MP: 33/40
 55388 | Vaults:4 | Killed Erid's ghost
 55568 | Vaults:4 | Identified the +1 chain mail of Good Intentions {rPois rC+
                  | Int+2}
 55966 | Vaults:4 | Reached skill level 25 in Fighting
 56663 | Vaults:5 | Entered Level 5 of the Vaults
 57158 | Vaults:5 | Noticed an ancient lich
 57177 | Vaults:5 | Identified the amulet "Zialue" {Inacc rElec rPois MR++
                  | Int-2}
 57219 | Vaults:5 | Reached skill level 15 in Armour
 57250 | Vaults:5 | Noticed Frederick
 57261 | Vaults:5 | Noticed a golden dragon
 57266 | Vaults:5 | Killed a golden dragon
 57273 | Vaults:5 | Killed Frederick
 57334 | Vaults:5 | Killed an ancient lich
 57342 | Vaults:5 | Identified the +4 long sword "Polel" {flame, +Inv rC+++
                  | Dex-3}
 57384 | Vaults:5 | Got a silver rune of Zot
 57703 | Vaults:5 | Reached XP level 24. HP: 174/178 MP: 7/40
 57728 | Vaults:5 | Identified the +8 war axe "Zotaokh" {chop, rElec} (You took
                  | it off a deep elf elementalist on level 5 of the Vaults)
 57867 | Vaults:5 | Reached skill level 26 in Fighting
 58004 | Vaults:5 | Noticed an ancient lich
 58019 | Vaults:5 | Killed an ancient lich
 58356 | Vaults:5 | Identified the +4 hand axe of the Vulture {chop, +Rage rF-
                  | Str+4 Int+4} (You took it off a deep elf demonologist on
                  | level 5 of the Vaults)
 58841 | Vaults:5 | Identified the +8 arbalest of Ehywn {velocity, rPois rF-
                  | Stlth+} (You took it off a vault sentinel on level 5 of the
                  | Vaults)
 58963 | Vaults:5 | Identified the Reference Book on Flying Battle Magic
 58992 | Vaults:5 | Identified the Tome of the Birds and the Oath
 59924 | Elf:1    | Bought the ring "Jinodih" {rF+ rC++ Str-2 Slay+5} for 1959
                  | gold pieces
 60199 | Vaults:2 | Killed Erid's ghost
 60488 | Slime:1  | Entered Level 1 of the Pits of Slime
 60520 | Slime:1  | Gained mutation: You are weak. (Str -2) [a shining eye]
 60522 | Slime:1  | Gained mutation: You are dopey. (Int -2) [a shining eye]
 60918 | Slime:3  | Reached skill level 27 in Fighting
 61133 | Slime:5  | Entered Level 5 of the Pits of Slime
 61264 | Slime:5  | Reached XP level 25. HP: 171/185 MP: 37/40
 61317 | Slime:5  | Identified the ring of Quicicwo {rElec rC+ rN++ Dex+2}
 61319 | Slime:5  | Found a viscous altar of Jiyva.
 61319 | Slime:5  | Noticed the Royal Jelly
 61320 | Slime:5  | Identified the ring "Racilel" {+Fly rF+ rN+ Str+4}
 61345 | Slime:5  | Killed the Royal Jelly
 61345 | Slime:5  | Reached skill level 5 in Evocations
 61665 | Slime:5  | Identified the ring "Zypalud" {rC+ MR+}
 61666 | Slime:5  | Identified the +6 plate armour of the Devil {Dex+3}
 61670 | Slime:5  | Identified the Guide on Mutagenic Fascination
 61687 | Slime:5  | Identified the +1 hat "Ochaiqegis" {rN+}
 61707 | Slime:5  | Got a slimy rune of Zot
 61712 | Slime:5  | Identified the +3 mace "Okal" {freeze, rC++ Str-2 Int+2
                  | SInv}
 61714 | Slime:5  | Identified the +11 mace "Feeli" {crush, +Blink rPois rN+
                  | MP+9}
 61721 | Slime:5  | Identified Casting Continued
 62065 | Vaults:1 | Bought a ration for 60 gold pieces
 62065 | Vaults:1 | Bought a ration for 60 gold pieces
 62065 | Vaults:1 | Bought a ration for 60 gold pieces
 62065 | Vaults:1 | Bought a ration for 60 gold pieces
 62065 | Vaults:1 | Bought a ration for 60 gold pieces
 62472 | Depths:2 | Bought a potion of might for 64 gold pieces
 62609 | Depths:4 | Killed an ancient lich
 62938 | Depths:4 | Identified the +3 robe of Hiaff {+Inv rElec Stlth+} (You
                  | took it off a yaktaur captain on level 4 of the Depths)
 63014 | Depths:4 | Paralysed by a floating eye for 2 turns
 63596 | Depths:5 | Entered Level 5 of the Depths
 63596 | Depths:5 | Noticed Xtahua
 63605 | Depths:5 | Killed Xtahua
 64170 | Depths:5 | Reached skill level 15 in Summonings
 64171 | Depths:5 | Found Hisau's Distillery.
 64245 | Depths:5 | Reached XP level 26. HP: 124/193 MP: 37/41
 64351 | Depths:5 | Found a gate to the Realm of Zot.
 64559 | Depths:5 | Found Uvuuv Fanu's Jewellery Emporium.
 64560 | Depths:5 | Found Kirchekep's Gadget Boutique.
 64561 | Depths:5 | Found Sih Buptu's Jewellery Emporium.
 65129 | Zot:1    | Entered Level 1 of the Realm of Zot
 65312 | Zot:1    | Learned a level 5 spell: Summon Mana Viper
 65318 | Zot:1    | Learned a level 5 spell: Summon Forest
 65321 | Zot:1    | Learned a level 2 spell: Sublimation of Blood
 65427 | Zot:2    | Reached skill level 15 in Long Blades
 66111 | Zot:5    | Entered Level 5 of the Realm of Zot
 66697 | Zot:5    | Noticed an ancient lich
 66702 | Zot:5    | Killed an ancient lich
 66702 | Zot:5    | Reached skill level 5 in Stealth
 67217 | Zot:5    | Noticed an ancient lich
 67246 | Zot:5    | Killed an ancient lich
 67270 | Zot:5    | Noticed an ancient lich
 67282 | Zot:5    | Killed an ancient lich
 67282 | Zot:5    | Reached XP level 27. HP: 192/199 MP: 39/41
 67577 | Zot:5    | Noticed an orb of fire
 67589 | Zot:5    | Noticed an orb of fire
 67699 | Zot:5    | Killed an orb of fire
 67699 | Zot:5    | Reached skill level 10 in Evocations
 67709 | Zot:5    | Gained mutation: Your body sometimes deteriorates upon
                  | taking damage. [an orb of fire]
 67727 | Zot:5    | Killed an orb of fire
 67828 | Zot:5    | Noticed an ancient lich
 67834 | Zot:5    | Killed an ancient lich
 67993 | Zot:5    | Noticed an ancient lich
 68015 | Zot:5    | Killed an ancient lich
 68153 | Zot:5    | Noticed an orb of fire
 68156 | Zot:5    | Gained mutation: You are very dopey. (Int -4) [an orb of
                  | fire]
 68165 | Zot:5    | Killed an orb of fire
 68277 | Zot:5    | Noticed an ancient lich
 68288 | Zot:5    | Killed an ancient lich
 68361 | Zot:5    | Noticed an orb of fire
 68418 | Zot:5    | Lost mutation: Your body sometimes deteriorates upon taking
                  | damage. [potion of mutation]
 68418 | Zot:5    | Lost mutation: You are weak. (Str -2) [potion of mutation]
 68418 | Zot:5    | Gained mutation: Your muscles are strong. (Str +2) [potion
                  | of mutation]
 68418 | Zot:5    | Gained mutation: You are occasionally teleported next to
                  | monsters. [potion of mutation]
 68418 | Zot:5    | Gained mutation: Your flesh is cold resistant. (rC+)
                  | [potion of mutation]
 68419 | Zot:5    | Lost mutation: Your flesh is cold resistant. (rC+) [potion
                  | of mutation]
 68419 | Zot:5    | Lost mutation: Your muscles are strong. (Str +2) [potion of
                  | mutation]
 68419 | Zot:5    | Lost mutation: You are very dopey. (Int -4) [potion of
                  | mutation]
 68419 | Zot:5    | Lost mutation: You are dopey. (Int -2) [potion of mutation]
 68419 | Zot:5    | Gained mutation: You are clumsy. (Dex -2) [potion of
                  | mutation]
 68419 | Zot:5    | Gained mutation: Your muscles are strong. (Str +2) [potion
                  | of mutation]
 68420 | Zot:5    | Lost mutation: You are clumsy. (Dex -2) [potion of
                  | mutation]
 68420 | Zot:5    | Gained mutation: You occasionally shout uncontrollably at
                  | your foes. [potion of mutation]
 68420 | Zot:5    | Gained mutation: You are robust. (+10% HP) [potion of
                  | mutation]
 68421 | Zot:5    | Lost mutation: You are robust. (+10% HP) [potion of
                  | mutation]
 68421 | Zot:5    | Lost mutation: You occasionally shout uncontrollably at
                  | your foes. [potion of mutation]
 68421 | Zot:5    | Gained mutation: You are clumsy. (Dex -2) [potion of
                  | mutation]
 68421 | Zot:5    | Gained mutation: You tend to lose your temper in combat.
                  | [potion of mutation]
 68421 | Zot:5    | Gained mutation: Your muscles are very strong. (Str +4)
                  | [potion of mutation]
 68422 | Zot:5    | Lost mutation: You are clumsy. (Dex -2) [potion of
                  | mutation]
 68422 | Zot:5    | Lost mutation: You are occasionally teleported next to
                  | monsters. [potion of mutation]
 68422 | Zot:5    | Lost mutation: You tend to lose your temper in combat.
                  | [potion of mutation]
 68422 | Zot:5    | Gained mutation: You are partially covered in molten
                  | scales. (AC +2) [potion of mutation]
 68504 | Zot:5    | Noticed an ancient lich
 68519 | Zot:5    | Killed an ancient lich
 68600 | Zot:5    | Got the Orb of Zot
 68667 | Zot:5    | Noticed an ancient lich
 69150 | D:1      | Noticed Ladij the pandemonium lord
 69168 | D:$      | Escaped with the Orb!

Vault maps used:
D:1:      tarquinn_simple_flora_water_e, item_on_display_a
D:3:      uniq_crazy_yiuf_cottage
D:4:      minmay_temple_entry_mist, kennysheep_another_room, minmay_rat_hole
D:5:      kennysheep_mini_moat, first_ration
D:6:      cheibrodos_sewer_entry_sluice, uniq_blork_the_orc, uniq_sigmund,
          uniq_prince_ribbit1
D:7:      lemuel_coloured_pillars_altar, nicolae_ossuary_entry_catacombs,
          kennysheep_generic_room_6
D:8:      grunt_pizzeria
D:9:      minmay_the_grid_square_5x5_3x3, minmay_librarian, uniq_erica
D:10:     ebering_ghost_reflecting_pool, nemelex_xobeh_ov_fountains_minmay
D:11:     minmay_lair_entry_grove, david_orc_4, trog_ov_bears_minmay
D:12:     enter_trove_6, uniq_kirke
D:13:     erik_vaults_2, serial_shops, shop, shop, nicolae_shop_crystal, shop,
          shop, uniq_erolcha, uniq_rupert
D:14:     serial_co_window_serial, co_window_paths_a, co_window_corner_a,
          co_window_of_opportunity_a, co_window_corner_a, co_window_corner_a,
          co_window_paths_b, co_window_corner_a, co_window_corner_b,
          co_window_paths_c, co_window_cross_4, co_window_4corner_a,
          co_window_4corner_b, minmay_bent
D:15:     hangedman_depths_entry_civil_slaughter, grunt_potential,
          uniq_josephine
Temple:   regret_index_temple_chain_breaker
Lair:1:   lab_entry_generic, special_room, serial_bayou_shore_b,
          serial_bayou_shore_a
Lair:2:   minmay_shoals_entry_hut, spider_nest_entry_rubble, beast_lair_carwin_8
Lair:3:   zaba_anthell
Lair:4:   minmay_lair_oklob_chamber
Lair:5:   grunt_megastairs_1
Lair:6:   cheibrodos_lair_end_hotspot, slime_altar_1, uniq_nessos
Shoals:1: st_cyclops
Spider:1: spider_trap, nicolae_spider_nook
Spider:2: uniq_arachne
Spider:4: spider_rune_water, spider_trap
Orc:1:    nicolae_orc_bridge_out, uniq_urug, uniq_fannar
Orc:2:    grunt_orc_cross, basic_altar, mines4_lemuel
Elf:1:    eino_elf_arrival_sip, serial_shops, shop, minmay_elf_necromancy,
          spider_trap
Elf:2:    uniq_louise
Elf:3:    elf_hall
Vaults:1: nicolae_vaults_circle_grid_b, vaults_mumra_chevron_long,
          nicolae_vaults_quartermaster, v_rooms_1,
          vaults_standard_mumra_enter_the_diamond,
          nicolae_vaults_windows_and_doors_thing, nicolae_vaults_little_ls,
          vaults_mumra_hex, vaults_dpeg_encased_lava, serial_shops, shop
Vaults:2: gammafunk_vaults_ghost_split, nicolae_vaults_network_square,
          hangedman_vaults_unwind, nicolae_vaults_what_the_h, stair_cage_open,
          hangedman_vaults_river_flow, hangedman_vaults_hat, vaults_room_pools,
          ontoclasm_vaults_spin, serial_shops, shop
Vaults:3: minmay_crypt_entry_simple_walls, vaults_mumra_lcd,
          nicolae_vaults_asterisk, vaults_room_fours, serial_ice_h, v_misc_13,
          ontoclasm_vaults_shout, nicolae_vaults_rhombus_6,
          nicolae_vaults_asterisk, ontoclasm_vaults_decontamination,
          hangedman_vaults_slice, v_misc_2, serial_shops, nicolae_shop_stone
Vaults:4: advil_vaults_ghost_lines, vaults_mumra_bighexcomb, vaults_room_pools,
          hangedman_vaults_nails, vaults_standard_mumra_x,
          nicolae_vaults_border_crossing, vaults_room_ringed_pool,
          vaults_room_fours, serial_shops, freezing_bzr, uniq_mennas
Vaults:5: uniq_frederick
Depths:1: pf_coc_iceberg, columned_hall_lemuel, hangedman_decor_growths,
          serial_bayou_lagoon_b
Depths:2: constructs_gauntlet_mu_hangedman, pan_entry, abyss_entry,
          ashenzari_altar_1, ebering_ghost_xom, lightli_too_deep,
          minmay_misc_feat_x, minmay_shoptagon, minmay_staircase_statues,
          uniq_asterion
Depths:3: minmay_distorted_concentric_squares, enter_ziggurat_d, abyss_entry,
          hellmouth_1, kennysheep_nub, pan_entry, spider_trap, uniq_sojobo
Depths:4: grunt_runaround, abyss_entry, serial_shops, hell_entry
Depths:5: grunt_twist_and_shout, minivault_14, pf_hell_entry_tar_river,
          serial_shops, shop, hangedman_abyss_or_decor_stagger,
          minmay_shop_grove, uniq_xtahua
Zot:4:    kennysheep_blocky_room, hangedman_elemental_corridor
Zot:5:    hangedman_zot_decor_tridents, hangedman_zot_decor_checkerboard
Abyss:2:  minivault_13
Lab:      labyrinth_hidden_loot, lab_block
Bazaar:   bazaar_jpeg_oval
Trove:    trove_armour_six_rooms
Sewer:    sewer_kobolds
Ossuary:  ossuary_zaba_flooded

Skill      XL: |  1  2  3  4  5  6  7  8  9 10 11 12 13 14 15 16 17 18 19 20 21 22 23 24 25 26 27 |
---------------+----------------------------------------------------------------------------------+-----
Fighting       | 2 3 4 8 10 13 15 17 18 20 21 22 24 25 27 | 27.0
Dodging        | 2 3 4 6 10 12 13 14 15 16 17 18 19 20 | 20.1
Long Blades    | 4 5 6 8 10 13 14 16 | 16.9
Armour         | 5 6 7 8 9 12 13 15 17 18 | 18.0
Evocations     | 2 4 7 9 11 | 11.2
Necromancy     | 2 |  2.0
Spellcasting   | 2 3 6 8 10 12 13 14 | 14.7
Summonings     | 4 5 7 9 10 11 12 15 16 | 16.1
Air Magic      | 2 3 |  3.0
Stealth        | 6 9 |  9.4
Charms         | |  0.8
Translocations | |  1.9
Earth Magic    | |  0.9

Action                   |  1- 3 |  4- 6 |  7- 9 | 10-12 | 13-15 | 16-18 | 19-21 | 22-24 | 25-27 || total
-------------------------+-------+-------+-------+-------+-------+-------+-------+-------+-------++-------
Melee: Falchion          |    80 |    84 |    52 |       |       |       |       |       |       ||   216
       Peck              |    12 |    16 |    80 |   192 |   349 |   320 |   461 |   504 |   428 ||  2362
       Kick              |    24 |    22 |   132 |   309 |   552 |   507 |   678 |   767 |   614 ||  3605
       Dagger            |       |       |   338 |   295 |       |       |       |       |       ||   633
       Scimitar          |       |       |       |   455 |   905 |       |       |       |       ||  1360
       Great sword       |       |       |       |       |   188 |   982 |  1231 |  1267 |  1023 ||  4691
Throw: Throwing net      |       |       |       |       |       |       |       |       |     1 ||     1
 Cast: Summon Lightning  |       |       |       |     2 |    60 |    41 |    14 |    12 |       ||   129
       Animate Skeleton  |       |       |       |     1 |    30 |     7 |    11 |    11 |       ||    60
       Regeneration      |       |       |       |       |    19 |    32 |    43 |    40 |    15 ||   149
       Animate Dead      |       |       |       |       |     8 |    24 |    17 |    12 |     4 ||    65
       Summon Butterflie |       |       |       |       |     4 |       |       |       |       ||     4
       Shadow Creatures  |       |       |       |       |       |    16 |    46 |    50 |    31 ||   143
       Blink             |       |       |       |       |       |       |       |     3 |       ||     3
       Passwall          |       |       |       |       |       |       |       |       |     1 ||     1
Invok: Curse Item        |       |       |       |     5 |     4 |     1 |     2 |     3 |     1 ||    16
       Scrying           |       |       |       |       |       |       |       |       |     1 ||     1
 Abil: Fly               |       |     1 |       |    18 |     2 |       |       |     4 |     1 ||    26
       Stop Flying       |       |       |       |       |       |       |       |     4 |     1 ||     5
Evoke: Wand              |       |     4 |     5 |    25 |    39 |     7 |     7 |     9 |    10 ||   106
       Phial of floods   |       |       |       |       |       |       |       |     1 |       ||     1
       Lightning rod     |       |       |       |       |       |       |       |       |     3 ||     3
  Use: Scroll            |     1 |     6 |     6 |    17 |    20 |    12 |    30 |    15 |    10 ||   117
       Potion            |       |       |     1 |     4 |     5 |     8 |     8 |    12 |    16 ||    54
 Stab: Sleeping          |       |       |     3 |     9 |    10 |     4 |     1 |     2 |       ||    29
       Distracted        |       |       |     1 |     2 |    16 |    23 |     8 |     9 |    11 ||    70
       Invisible         |       |       |       |     5 |       |     1 |       |       |    14 ||    20
       Paralysed         |       |       |       |       |     4 |     2 |       |       |       ||     6
       Confused          |       |       |       |       |       |       |     2 |       |       ||     2
  Eat: Chunk             |     2 |     5 |    11 |    10 |    37 |    14 |    25 |     9 |     3 ||   116
       Ration            |       |       |       |     8 |     6 |    10 |    13 |    14 |    11 ||    62
Armor: Robe              |     4 |       |       |       |       |       |       |       |       ||     4
       Leather armour    |    25 |    11 |       |       |       |       |       |       |       ||    36
       Ring mail         |       |    11 |    73 |   160 |   138 |    73 |   101 |   132 |       ||   688
       Fire dragon scale |       |       |       |       |       |       |       |    25 |   238 ||   263
Dodge: Dodged            |    60 |    53 |   209 |   652 |  1059 |  1097 |  1421 |  1244 |  1187 ||  6982
       Rpst.: Falchion   |    19 |    22 |     5 |       |       |       |       |       |       ||    46
       Scimitar          |       |       |       |   102 |   221 |       |       |       |       ||   323
       Great sword       |       |       |       |       |    60 |   225 |   222 |   286 |   218 ||  1011

Table legend:
 A = Non-vault XP
 B = Vault XP
 C = Vault XP percentage of total XP
 D = Non-vault monster count
 E = Vault monster count
 F = Vault count percentage of total count
                 A         B        C        D         E       F
            +---------+---------+-------+---------+---------+-------
      Total |  613943 |  764243 |  55.5 |    1398 |     926 |  39.8
            +---------+---------+-------+---------+---------+-------
        D:1 |      26 |       0 |   0.0 |      16 |       0 |   0.0
        D:2 |      43 |       0 |   0.0 |      22 |       0 |   0.0
        D:3 |      50 |      41 |  45.1 |      31 |       1 |   3.1
        D:4 |     729 |      20 |   2.7 |      21 |      19 |  47.5
        D:5 |     935 |       0 |   0.0 |      29 |       0 |   0.0
        D:6 |     704 |     593 |  45.7 |      16 |       6 |  27.3
        D:7 |     948 |     411 |  30.2 |      17 |       9 |  34.6
        D:8 |     902 |     995 |  52.5 |      13 |       2 |  13.3
        D:9 |    1990 |    2909 |  59.4 |      24 |      17 |  41.5
       D:10 |    2289 |     870 |  27.5 |      14 |       1 |   6.7
       D:11 |    6137 |    3399 |  35.6 |      35 |      31 |  47.0
       D:12 |    5545 |    2295 |  29.3 |      28 |       2 |   6.7
       D:13 |    8713 |    9781 |  52.9 |      52 |       9 |  14.8
       D:14 |    9438 |    3167 |  25.1 |      26 |       7 |  21.2
       D:15 |    8920 |   13389 |  60.0 |      30 |      28 |  48.3
     Lair:1 |    5291 |    1760 |  25.0 |      17 |      25 |  59.5
     Lair:2 |    5594 |    1222 |  17.9 |      22 |       9 |  29.0
     Lair:3 |    5037 |    3298 |  39.6 |      19 |      45 |  70.3
     Lair:4 |    4134 |     829 |  16.7 |      21 |       3 |  12.5
     Lair:5 |    7449 |     286 |   3.7 |      28 |       2 |   6.7
     Lair:6 |    7345 |   10679 |  59.2 |      30 |      32 |  51.6
   Spider:1 |   17223 |    3601 |  17.3 |      66 |      11 |  14.3
   Spider:2 |   10693 |    3311 |  23.6 |      33 |       1 |   2.9
   Spider:3 |   10855 |       0 |   0.0 |      33 |       0 |   0.0
   Spider:4 |    9523 |   15238 |  61.5 |      31 |      35 |  53.0
    Slime:1 |   13934 |       0 |   0.0 |      24 |       0 |   0.0
    Slime:2 |    7021 |       0 |   0.0 |      17 |       0 |   0.0
    Slime:3 |    6024 |       0 |   0.0 |      15 |       0 |   0.0
    Slime:4 |    9342 |       0 |   0.0 |      16 |       0 |   0.0
    Slime:5 |    4738 |   30157 |  86.4 |      17 |      14 |  45.2
      Orc:1 |    5513 |    1938 |  26.0 |      44 |       3 |   6.4
      Orc:2 |    1683 |    7137 |  80.9 |      36 |      43 |  54.4
      Elf:1 |    6835 |    6994 |  50.6 |      19 |      13 |  40.6
      Elf:2 |    6286 |    3484 |  35.7 |      10 |       3 |  23.1
      Elf:3 |   21136 |   36653 |  63.4 |      31 |      25 |  44.6
   Vaults:1 |   22364 |   28831 |  56.3 |      44 |      61 |  58.1
   Vaults:2 |   44560 |   39932 |  47.3 |      71 |      54 |  43.2
   Vaults:3 |   19632 |   13024 |  39.9 |      35 |      24 |  40.7
   Vaults:4 |   44647 |   65071 |  59.3 |      68 |      63 |  48.1
   Vaults:5 |   14297 |  129234 |  90.0 |      18 |      90 |  83.3
   Depths:1 |   25697 |       0 |   0.0 |      42 |       0 |   0.0
   Depths:2 |   33007 |   26044 |  44.1 |      38 |      24 |  38.7
   Depths:3 |   27684 |   12431 |  31.0 |      29 |      12 |  29.3
   Depths:4 |    5406 |  106977 |  95.2 |       5 |      94 |  94.9
   Depths:5 |   31762 |   26523 |  45.5 |      34 |      21 |  38.2
      Zot:1 |   18621 |       0 |   0.0 |      14 |       0 |   0.0
      Zot:2 |   22065 |       0 |   0.0 |      15 |       0 |   0.0
      Zot:3 |    9815 |       0 |   0.0 |       8 |       0 |   0.0
      Zot:4 |     505 |       0 |   0.0 |       1 |       0 |   0.0
      Zot:5 |   65169 |  146843 |  69.3 |      46 |      37 |  44.6
    Abyss:2 |   15687 |    1683 |   9.7 |      27 |       4 |  12.9
        Lab |       0 |    2362 | 100.0 |       0 |       6 | 100.0
      Sewer |       0 |     150 | 100.0 |       0 |      11 | 100.0
    Ossuary |       0 |     681 | 100.0 |       0 |      29 | 100.0
            +---------+---------+-------+---------+---------+-------
